Rampage vs Ice Hogs

Created - Sunday, January 11, 2015 at 23:09

Goals
1 2 3 T
Rampage 0 0 1 1
Ice Hogs 2 0 3 5
Shots
1 2 3 T
Rampage 6 3 8 17
Ice Hogs 12 7 15 34

1st period

1. Ice Hogs , Casey Wellman 15 (Derek Roy, Chay Genoway) at 4:32
2. Ice Hogs , Brandon Pirri 30 (J.T. Miller, Tanner Pearson) at 12:40

Penalties :
Mathieu Brodeur (RIH) for Fighting (Major) at 9:59, Eric Boulton (SAN) for Fighting (Major) at 9:59

2nd period

No Goal

Penalties :
Johan Larsson (RIH) for Holding (Minor) at 4:59, Dan DaSilva (RIH) for Hooking (Minor) at 18:11

3rd period

3. Ice Hogs , Tanner Pearson 10 (Brandon Pirri, J.T. Miller) at 4:24 (PP)
4. Ice Hogs , Casey Wellman 16 (Derek Roy, Jason Garrison) at 13:47
5. Ice Hogs , Casey Wellman 17 (Jason Garrison, Derek Roy) at 16:22 (PP)
6. Rampage , Eric Boulton 19 (Keith Aulie, Adam Almquist) at 19:40

Penalties :
Matt Puempel (SAN) for Hooking (Minor) at 3:46, Andrey Pedan (SAN) for Hooking (Minor) at 7:51, Mathieu Brodeur (RIH) for Fighting (Major) at 11:29, Eric Boulton (SAN) for Fighting (Major) at 11:29, Martin Frk (SAN) for Holding (Minor) at 15:08

Goalie Stats

Matt Hackett (SAN), 29 saves from 34 shots - (0.853), L, 11-8-2, 60:00 minutes
Scott Darling (RIH), 16 saves from 17 shots - (0.941), W, 39-1-5, 60:00 minutes

Players Stats for Rampage

Player Name              G  A  P  +/- PIM S  H  SB GA TA FO     MP     PP MP  PK MP  
------------------------------------------------------------------------------------
Adam Almquist            0  1  1   0  0   1  1  1  0  1  0/0    23:39   2:04   1:17 
Andrey Pedan             0  0  0  -1  2   0  1  0  0  0  0/0    15:20   0:00   0:00 
Charles-Olivier Roussel  0  0  0  -1  0   1  0  1  0  2  0/0    21:25   1:54   2:34 
Danny Kristo             0  0  0  -1  0   0  3  0  3  4  1/1    23:22   1:34   2:29 
Eric Boulton             1  0  1   1  10  1  4  0  1  1  1/2    16:01   0:55   0:49 
Jesper Fast              0  0  0  -2  0   2  0  1  2  1  4/13   20:51   1:03   0:00 
Johan Sundstrom          0  0  0  -1  0   3  0  0  0  0  3/3     8:13   0:00   0:00 
John Persson             0  0  0   0  0   0  0  0  0  0  0/0     3:45   0:00   1:22 
Jordan Nolan             0  0  0  -1  0   4  1  0  4  0  0/0    15:16   2:29   0:00 
Keith Aulie              0  1  1   0  0   0  3  1  3  8  0/0    23:39   2:04   1:17 
Martin Frk               0  0  0   1  2   0  0  0  1  0  0/0    15:00   0:00   0:00 
Matt D'Agostini          0  0  0   0  0   1  4  0  3  0  4/14   20:42   2:23   3:02 
Matt Puempel             0  0  0  -2  2   1  2  0  0  2  0/1    17:48   1:29   0:00 
Mikael Samuelsson        0  0  0  -2  0   2  0  1  1  0  0/1    18:14   1:29   0:00 
Nick Tuzzolino           0  0  0  -1  0   0  0  0  0  1  0/0    14:56   0:00   0:00 
Ryan Potulny             0  0  0   1  0   1  1  1  0  2  1/10   16:28   0:32   0:00 
Tim Miller               0  0  0   0  0   0  0  0  0  0  0/0     0:00   0:00   0:00 
Will O'Neill             0  0  0  -1  0   0  1  1  1  1  0/0    21:25   1:54   2:34 

Players Stats for Ice Hogs

Player Name              G  A  P  +/- PIM S  H  SB GA TA FO     MP     PP MP  PK MP  
------------------------------------------------------------------------------------
Blake Kessel             0  0  0   1  0   1  2  0  0  0  0/0    15:22   0:25   0:00 
Brandon Gormley          0  0  0   1  0   3  1  1  2  1  0/0    21:50   1:35   2:05 
Brandon Pirri            1  1  2   1  0   3  1  1  2  0  6/12   17:10   2:03   0:00 
Casey Wellman            3  0  3   2  0   4  2  1  3  0  2/2    15:10   1:48   1:09 
Chay Genoway             0  1  1   2  0   1  1  0  1  3  0/0    19:54   0:00   0:00 
Dan DaSilva              0  0  0  -1  2   1  0  0  0  0  0/0    11:43   0:00   0:00 
Derek Roy                0  3  3   2  0   1  1  0  5  0  6/8    14:01   1:48   0:00 
Dustin Jeffrey           0  0  0   2  0   1  0  0  0  0  1/1    11:48   0:00   0:00 
J.T. Miller              0  2  2   1  0   3  2  3  6  1  0/0    17:10   2:03   0:00 
Jason Garrison           0  2  2   0  0   1  1  2  2  1  0/0    24:47   2:16   1:53 
Johan Larsson            0  0  0   0  2   5  2  0  3  0  9/12   13:56   0:00   0:50 
Mathieu Brodeur          0  0  0  -1  10  0  2  0  0  0  0/0    17:49   1:51   1:53 
Michael Bournival        0  0  0  -1  0   1  0  0  2  1  0/0    11:05   0:00   0:00 
Roman Horak              0  0  0   0  0   2  1  0  1  0  0/1    15:06   0:00   1:59 
Seth Griffith            0  0  0   0  0   2  1  0  0  0  0/0    15:45   0:00   1:59 
Tanner Pearson           1  1  2   1  0   2  0  0  2  2  0/0    17:10   2:03   0:00 
Travis Morin             0  0  0  -1  0   2  0  0  4  0  7/9    15:56   1:48   1:59 
Zach Redmond             0  0  0   1  0   1  0  0  0  2  0/0    20:16   1:35   2:05 

3 Stars

1 - Casey Wellman (RIH)
2 - Derek Roy (RIH)
3 - Brandon Pirri (RIH)

Power Play

Rampage - 0 on 2 Attempt(s) - 0.00%
Ice Hogs - 2 on 3 Attempt(s) - 66.67%

Penalty Kill

Rampage - 1 on 3 Attempt(s) - 33.33% - Score 0 goal in Penalty Kill
Ice Hogs - 2 on 2 Attempt(s) - 100.00% - Score 0 goal in Penalty Kill

Team Stat

Rampage - Hits : 21 - Faceoff Wins : 14 - Blocked Shots : 7 - Penalty Minutes : 16
Ice Hogs - Hits : 17 - Faceoff Wins : 31 - Blocked Shots : 8 - Penalty Minutes : 14

Official

Referees : Unknown
Linesman : Unknown

Game Notes

Eric Boulton beats up Mathieu Brodeur at 9:59 of 1st period
Mathieu Brodeur and Eric Boulton fight to a draw at 11:29 of 3rd period
16:22 of 3rd period - Ice Hogs goal is going for a video replay. After video review, Goal.
Casey Wellman has scored a Hat Trick!

Finance

Level 1 -- Attendance: 1366 (68.30%) -- Ticket Income $47,810
Level 2 -- Attendance: 745 (74.50%) -- Ticket Income $11,175
Total Attendance: 2111 (70.37%)
Total Ticket Income: $58,985
Other Income: $28,903
Total Income: $87,888

Rampage

5 vs 5 Forward 
   Center                   Left Wing                Right Wing               Time % Phy DF OF 
 1 Matt D'Agostini          Danny Kristo             Jordan Nolan             35     1   2  2  
 2 Jesper Fast              Matt Puempel             Mikael Samuelsson        30     1   2  2  
 3 Johan Sundstrom          Jesper Fast              Danny Kristo             22     1   2  2  
 4 Ryan Potulny             Eric Boulton             Martin Frk               13     1   2  2  

5 vs 5 Defense 
   Defense                  Defense                                           Time % Phy DF OF 
 1 Keith Aulie              Adam Almquist                                     35     1   2  2  
 2 Charles-Olivier Roussel  Will O'Neill                                      30     1   2  2  
 3 Nick Tuzzolino           Andrey Pedan                                      22     1   2  2  
 4 Keith Aulie              Adam Almquist                                     13     1   2  2  

PowerPlay Forward 
   Center                   Left Wing                Right Wing               Time % Phy DF OF 
 1 Matt D'Agostini          Danny Kristo             Jordan Nolan             60     1   2  2  
 2 Jesper Fast              Matt Puempel             Mikael Samuelsson        40     1   2  2  

PowerPlay Defense
   Defense                  Defense                                           Time % Phy DF OF 
 1 Keith Aulie              Adam Almquist                                     60     1   2  2  
 2 Charles-Olivier Roussel  Will O'Neill                                      40     1   2  2  

Penalty Kill 4 Players Forward 
   Center                   Wing                     Time % Phy DF OF 
 1 Matt D'Agostini          Danny Kristo             60     1   2  2  
 2 Jordan Nolan             Mikael Samuelsson        40     1   2  2  

Penalty Kill 4 Players Defense
   Defense                  Defense                  Time % Phy DF OF 
 1 Keith Aulie              Adam Almquist            60     1   2  2  
 2 Charles-Olivier Roussel  Will O'Neill             40     1   2  2  

Penalty Kill - 3 Players Forward 
   Forward                                           Time % Phy DF OF 
 1 Matt D'Agostini                                   60     1   2  2  
 2 Jordan Nolan                                      40     1   2  2  

Penalty Kill - 3 Players Defense
   Defense                  Defense                  Time % Phy DF OF 
 1 Keith Aulie              Adam Almquist            60     1   2  2  
 2 Charles-Olivier Roussel  Will O'Neill             40     1   2  2  

4 vs 4 Forward 
   Center                   Wing                     Time % Phy DF OF 
 1 Matt D'Agostini          Jesper Fast              60     1   2  2  
 2 Jordan Nolan             Mikael Samuelsson        40     1   2  2  

4 vs 4 Defense
   Defense                  Defense                  Time % Phy DF OF 
 1 Keith Aulie              Adam Almquist            60     1   2  2  
 2 Charles-Olivier Roussel  Will O'Neill             40     1   2  2  

Last Minutes Offensive
   Center                   Left Wing                Right Wing               Defense                  Defense                  
   Matt D'Agostini          Mikael Samuelsson        Jordan Nolan             Keith Aulie              Adam Almquist            

Last Minutes Defensive
   Center                   Left Wing                Right Wing               Defense                  Defense                  
   Matt D'Agostini          Mikael Samuelsson        Jordan Nolan             Keith Aulie              Adam Almquist            

Goaltenders
Starting : Matt Hackett             
Backup : Mike Murphy              

Extra Forwards
Normal : Danny Kristo, Jesper Fast, Eric Boulton - PP : Danny Kristo, Jesper Fast - PK : Eric Boulton
Extra Defensemen
Normal : Nick Tuzzolino, Andrey Pedan, Charles-Olivier Roussel - PP : Nick Tuzzolino - PK : Andrey Pedan, Charles-Olivier Roussel
Penalty Shots
Matt D'Agostini, Eric Boulton, Jordan Nolan, Mikael Samuelsson, Danny Kristo

Ice Hogs

5 vs 5 Forward 
   Center                   Left Wing                Right Wing               Time % Phy DF OF 
 1 Brandon Pirri            Tanner Pearson           J.T. Miller              30     0   2  3  
 2 Derek Roy                Dustin Jeffrey           Casey Wellman            25     0   2  3  
 3 Johan Larsson            Roman Horak              Seth Griffith            25     1   2  2  
 4 Travis Morin             Michael Bournival        Dan DaSilva              20     1   2  2  

5 vs 5 Defense 
   Defense                  Defense                                           Time % Phy DF OF 
 1 Jason Garrison           Mathieu Brodeur                                   30     1   2  2  
 2 Zach Redmond             Brandon Gormley                                   30     1   2  2  
 3 Blake Kessel             Chay Genoway                                      30     1   2  2  
 4 Jason Garrison           Mathieu Brodeur                                   10     1   2  2  

PowerPlay Forward 
   Center                   Left Wing                Right Wing               Time % Phy DF OF 
 1 Brandon Pirri            Tanner Pearson           J.T. Miller              50     0   1  4  
 2 Travis Morin             Derek Roy                Casey Wellman            50     0   1  4  

PowerPlay Defense
   Defense                  Defense                                           Time % Phy DF OF 
 1 Jason Garrison           Mathieu Brodeur                                   50     0   1  4  
 2 Zach Redmond             Brandon Gormley                                   50     0   1  4  

Penalty Kill 4 Players Forward 
   Center                   Wing                     Time % Phy DF OF 
 1 Johan Larsson            Roman Horak              50     1   3  1  
 2 Travis Morin             Seth Griffith            50     1   3  1  

Penalty Kill 4 Players Defense
   Defense                  Defense                  Time % Phy DF OF 
 1 Jason Garrison           Mathieu Brodeur          50     1   4  0  
 2 Zach Redmond             Brandon Gormley          50     1   4  0  

Penalty Kill - 3 Players Forward 
   Forward                                           Time % Phy DF OF 
 1 Johan Larsson                                     50     1   4  0  
 2 Travis Morin                                      50     1   4  0  

Penalty Kill - 3 Players Defense
   Defense                  Defense                  Time % Phy DF OF 
 1 Jason Garrison           Mathieu Brodeur          50     1   4  0  
 2 Zach Redmond             Brandon Gormley          50     1   4  0  

4 vs 4 Forward 
   Center                   Wing                     Time % Phy DF OF 
 1 Brandon Pirri            J.T. Miller              50     1   2  2  
 2 Derek Roy                Casey Wellman            50     1   2  2  

4 vs 4 Defense
   Defense                  Defense                  Time % Phy DF OF 
 1 Jason Garrison           Mathieu Brodeur          50     1   2  2  
 2 Zach Redmond             Brandon Gormley          50     1   2  2  

Last Minutes Offensive
   Center                   Left Wing                Right Wing               Defense                  Defense                  
   Brandon Pirri            Derek Roy                J.T. Miller              Jason Garrison           Chay Genoway             

Last Minutes Defensive
   Center                   Left Wing                Right Wing               Defense                  Defense                  
   Johan Larsson            Roman Horak              Seth Griffith            Jason Garrison           Brandon Gormley          

Goaltenders
Starting : Scott Darling            
Backup : Rob Madore               

Extra Forwards
Normal : Travis Morin, Brandon Pirri, Seth Griffith - PP : Travis Morin, Seth Griffith - PK : Casey Wellman
Extra Defensemen
Normal : Chay Genoway, Brandon Gormley, Jason Garrison - PP : Jason Garrison - PK : Jason Garrison, Chay Genoway
Penalty Shots
Casey Wellman, Derek Roy, Travis Morin, Roman Horak, Brandon Pirri

% Time on Ice - Rampage

Lines # - Real PCT - Wanted PCT - Time Play
Normal Forward
1 - 25% - 35% - 13:12
2 - 31% - 30% - 16:20
3 - 15% - 22% - 7:38
4 - 29% - 13% - 15:01
Normal Defense
1 - 32% - 35% - 16:51
2 - 32% - 30% - 16:57
3 - 29% - 22% - 14:56
4 - 7% - 13% - 3:27
PP Forward
1 - 63% - 60% - 2:29
2 - 37% - 40% - 1:29
PP Defense
1 - 52% - 60% - 2:04
2 - 48% - 40% - 1:54
PK Forward
1 - 100% - 60% - 3:51
2 - 0% - 40% - 0:00
PK Defense
1 - 33% - 60% - 1:17
2 - 67% - 40% - 2:34
PK3 Forward
1 - 0% - 60%
2 - 0% - 40%
PK3 Defense
1 - 0% - 60%
2 - 0% - 40%
44 Forward
1 - 0% - 60%
2 - 0% - 40%
44 Defense
1 - 0% - 60%
2 - 0% - 40%
Last Minute Offensive  - 0:00
Last Minute Defensive  - 0:00
Total
Forward - 60:00
Defense - 60:00

% Time on Ice - Ice Hogs

Lines # - Real PCT - Wanted PCT - Time Play
Normal Forward
1 - 29% - 30% - 15:07
2 - 25% - 25% - 12:52
3 - 25% - 25% - 13:07
4 - 21% - 20% - 11:05
Normal Defense
1 - 30% - 30% - 15:46
2 - 32% - 30% - 16:36
3 - 29% - 30% - 14:57
4 - 9% - 10% - 4:52
PP Forward
1 - 53% - 50% - 2:03
2 - 47% - 50% - 1:48
PP Defense
1 - 59% - 50% - 2:16
2 - 41% - 50% - 1:35
PK Forward
1 - 50% - 50% - 1:59
2 - 50% - 50% - 1:59
PK Defense
1 - 47% - 50% - 1:53
2 - 53% - 50% - 2:05
PK3 Forward
1 - 0% - 50%
2 - 0% - 50%
PK3 Defense
1 - 0% - 50%
2 - 0% - 50%
44 Forward
1 - 0% - 50%
2 - 0% - 50%
44 Defense
1 - 0% - 50%
2 - 0% - 50%
Last Minute Offensive  - 0:00
Last Minute Defensive  - 0:00
Total
Forward - 60:00
Defense - 60:00

Play by Play

1st period


0:01 of 1st period - Matt D'Agostini wins face-off versus Brandon Pirri in neutral zone.
0:04 of 1st period - Tanner Pearson is hit by Keith Aulie.
0:36 of 1st period - Snap shot by Jordan Nolan.
0:36 of 1st period - Stopped by Scott Darling with a rebound.
0:50 of 1st period - Snap shot by Mikael Samuelsson.
0:50 of 1st period - Stopped by Scott Darling with a rebound.
0:52 of 1st period - Slapshot by Jesper Fast.
0:52 of 1st period - Shot Blocked by Jason Garrison.
0:54 of 1st period - Wrist shot by Jesper Fast.
0:54 of 1st period - Stopped by Scott Darling with a rebound.
0:56 of 1st period - Snap shot by Charles-Olivier Roussel.
0:56 of 1st period - Stopped by Scott Darling without a rebound.
0:57 of 1st period - Jesper Fast wins face-off versus Derek Roy in Ice Hogs zone.
1:02 of 1st period - Wrist shot by Jesper Fast.
1:02 of 1st period - Shot Blocked by Casey Wellman.
1:04 of 1st period - Slapshot by Matt Puempel.
1:04 of 1st period - Stopped by Scott Darling without a rebound.
1:05 of 1st period - Dustin Jeffrey wins face-off versus Ryan Potulny in Ice Hogs zone.
1:05 of 1st period - Dustin Jeffrey is hit by Will O'Neill.
1:15 of 1st period - Snap shot by Dustin Jeffrey.
1:15 of 1st period - Deflect By Casey Wellman.
1:15 of 1st period - Shot Misses the Net.
1:15 of 1st period - Puck is out of play.
1:16 of 1st period - Derek Roy wins face-off versus Ryan Potulny in Rampage zone.
2:03 of 1st period - Backhand shot by Roman Horak.
2:03 of 1st period - Deflect By Johan Larsson.
2:03 of 1st period - Stopped by Matt Hackett with a rebound.
3:50 of 1st period - Snap shot by Matt D'Agostini.
3:50 of 1st period - Stopped by Scott Darling with a rebound.
3:52 of 1st period - Snap shot by Jordan Nolan.
3:52 of 1st period - Shot Misses the Net.
3:54 of 1st period - Snap shot by Charles-Olivier Roussel.
3:54 of 1st period - Shot Blocked by J.T. Miller.
4:32 of 1st period - Snap shot by Casey Wellman.
4:32 of 1st period - Goal by Casey Wellman - Rampage : 0 - Ice Hogs : 1.
4:33 of 1st period - Johan Larsson wins face-off versus Ryan Potulny in neutral zone.
4:45 of 1st period - Off-side.
4:46 of 1st period - Johan Larsson wins face-off versus Ryan Potulny in neutral zone.
5:00 of 1st period - Slapshot by Jason Garrison.
5:00 of 1st period - Shot Misses the Net.
5:04 of 1st period - Slapshot by Johan Larsson.
5:04 of 1st period - Deflect By Roman Horak.
5:04 of 1st period - Stopped by Matt Hackett with a rebound.
6:14 of 1st period - Slapshot by Brandon Pirri.
6:14 of 1st period - Stopped by Matt Hackett with a rebound.
8:09 of 1st period - Slapshot by Derek Roy.
8:09 of 1st period - Deflect By Casey Wellman.
8:09 of 1st period - Shot Misses the Net.
8:09 of 1st period - Puck is out of play.
8:10 of 1st period - Danny Kristo wins face-off versus Johan Larsson in Rampage zone.
8:25 of 1st period - Blake Kessel is hit by Danny Kristo and loses puck.
8:58 of 1st period - Derek Roy is hit by Keith Aulie and loses puck.
9:38 of 1st period - Michael Bournival is hit by Matt D'Agostini and loses puck.
9:59 of 1st period - Eric Boulton beats up Mathieu Brodeur.
9:59 of 1st period - Penalty to Mathieu Brodeur for Fighting.
9:59 of 1st period - Penalty to Eric Boulton for Fighting.
10:00 of 1st period - Johan Larsson wins face-off versus Ryan Potulny in Ice Hogs zone.
11:01 of 1st period - Brandon Gormley is hit by Matt D'Agostini.
12:06 of 1st period - Andrey Pedan is hit by Chay Genoway and loses puck.
12:31 of 1st period - Danny Kristo is hit by J.T. Miller and loses puck.
12:40 of 1st period - Wrist shot by Brandon Pirri.
12:40 of 1st period - Goal by Brandon Pirri - Rampage : 0 - Ice Hogs : 2.
12:41 of 1st period - Johan Larsson wins face-off versus Jesper Fast in neutral zone.
13:02 of 1st period - Snap shot by Johan Larsson.
13:02 of 1st period - Deflect By Roman Horak.
13:02 of 1st period - Shot Misses the Net.
13:02 of 1st period - Puck is out of play.
13:03 of 1st period - Brandon Pirri wins face-off versus Ryan Potulny in Rampage zone.
13:32 of 1st period - Snap shot by J.T. Miller.
13:32 of 1st period - Shot Hit the Post.
13:34 of 1st period - Slapshot by Zach Redmond.
13:34 of 1st period - Stopped by Matt Hackett with a rebound.
13:36 of 1st period - Slapshot by Brandon Gormley.
13:36 of 1st period - Stopped by Matt Hackett with a rebound.
13:38 of 1st period - Slapshot by Brandon Gormley.
13:38 of 1st period - Shot Blocked by Ryan Potulny.
13:56 of 1st period - Matt Puempel is hit by Casey Wellman and loses puck.
14:01 of 1st period - Wrist shot by Derek Roy.
14:01 of 1st period - Shot Misses the Net.
14:03 of 1st period - Slapshot by Jason Garrison.
14:03 of 1st period - Shot Blocked by Jesper Fast.
14:49 of 1st period - Wrist shot by Johan Larsson.
14:49 of 1st period - Stopped by Matt Hackett without a rebound.
14:50 of 1st period - Travis Morin wins face-off versus Matt D'Agostini in Rampage zone.
15:35 of 1st period - J.T. Miller is hit by Eric Boulton and loses puck.
16:01 of 1st period - Jason Garrison is hit by Andrey Pedan and loses puck.
16:42 of 1st period - Snap shot by Johan Larsson.
16:42 of 1st period - Stopped by Matt Hackett with a rebound.
16:44 of 1st period - Snap shot by Roman Horak.
16:44 of 1st period - Shot Misses the Net.
17:10 of 1st period - Snap shot by Casey Wellman.
17:10 of 1st period - Deflect By Derek Roy.
17:10 of 1st period - Shot Misses the Net.
17:10 of 1st period - Puck is out of play.
17:11 of 1st period - Derek Roy wins face-off versus Ryan Potulny in Rampage zone.
18:51 of 1st period - Slapshot by Brandon Pirri.
18:51 of 1st period - Shot Misses the Net.
19:55 of 1st period - Wrist shot by Roman Horak.
19:55 of 1st period - Stopped by Matt Hackett with a rebound.
19:57 of 1st period - Slapshot by Brandon Gormley.
19:57 of 1st period - Stopped by Matt Hackett with a rebound.
19:59 of 1st period - Slapshot by Brandon Gormley.
19:59 of 1st period - Deflect By Mikael Samuelsson.
19:59 of 1st period - Stopped by Matt Hackett with a rebound.
Goals for this period are 0 for Rampage vs 2 for Ice Hogs.
Shots for this period are 6 for Rampage vs 12 for Ice Hogs.

2nd period


0:01 of 2nd period - Johan Larsson wins face-off versus Matt D'Agostini in neutral zone.
0:30 of 2nd period - Slapshot by Roman Horak.
0:30 of 2nd period - Deflect By Keith Aulie.
0:30 of 2nd period - Shot Misses the Net.
0:30 of 2nd period - Puck is out of play.
0:31 of 2nd period - Derek Roy wins face-off versus Jesper Fast in Rampage zone.
0:40 of 2nd period - Slapshot by Mikael Samuelsson.
0:40 of 2nd period - Stopped by Scott Darling with a rebound.
0:42 of 2nd period - Slapshot by Charles-Olivier Roussel.
0:42 of 2nd period - Shot Misses the Net.
1:48 of 2nd period - Martin Frk is hit by Blake Kessel and loses puck.
2:51 of 2nd period - Jesper Fast is hit by Mathieu Brodeur and loses puck.
3:57 of 2nd period - Dan DaSilva is hit by Eric Boulton and loses puck.
4:15 of 2nd period - Michael Bournival is hit by Eric Boulton and loses puck.
4:36 of 2nd period - Slapshot by Jordan Nolan.
4:36 of 2nd period - Stopped by Scott Darling with a rebound.
4:59 of 2nd period - Minor Penalty to Johan Larsson for Holding.
5:00 of 2nd period - Casey Wellman wins face-off versus Matt D'Agostini in Ice Hogs zone.
5:34 of 2nd period - Casey Wellman is hit by Matt D'Agostini.
5:57 of 2nd period - Mikael Samuelsson is hit by Brandon Gormley and loses puck.
6:59 of 2nd period - Penalty to Johan Larsson is over, Johan Larsson is back on ice.
7:33 of 2nd period - Slapshot by J.T. Miller.
7:33 of 2nd period - Deflect By Tanner Pearson.
7:33 of 2nd period - Stopped by Matt Hackett with a rebound.
7:35 of 2nd period - Wrist shot by J.T. Miller.
7:35 of 2nd period - Stopped by Matt Hackett with a rebound.
8:26 of 2nd period - Danny Kristo is hit by Blake Kessel and loses puck.
8:47 of 2nd period - Jason Garrison is hit by Matt Puempel.
8:56 of 2nd period - Off-side.
8:57 of 2nd period - Johan Sundstrom wins face-off versus Johan Larsson in neutral zone.
9:11 of 2nd period - Keith Aulie is hit by Johan Larsson and loses puck.
11:19 of 2nd period - Johan Larsson is hit by Ryan Potulny.
12:38 of 2nd period - Wrist shot by Dustin Jeffrey.
12:38 of 2nd period - Stopped by Matt Hackett with a rebound.
13:01 of 2nd period - Wrist shot by Travis Morin.
13:01 of 2nd period - Stopped by Matt Hackett without a rebound.
13:02 of 2nd period - Travis Morin wins face-off versus Matt Puempel in Rampage zone.
13:25 of 2nd period - Charles-Olivier Roussel is hit by Jason Garrison and loses puck.
14:04 of 2nd period - Snap shot by Brandon Pirri.
14:04 of 2nd period - Stopped by Matt Hackett with a rebound.
14:10 of 2nd period - Eric Boulton is hit by Brandon Pirri and loses puck.
14:45 of 2nd period - Off-side.
14:46 of 2nd period - Johan Sundstrom wins face-off versus Derek Roy in neutral zone.
15:11 of 2nd period - Jordan Nolan is hit by Derek Roy and loses puck.
15:24 of 2nd period - Zach Redmond is hit by Jordan Nolan and loses puck.
16:01 of 2nd period - Martin Frk is hit by Johan Larsson and loses puck.
16:08 of 2nd period - Snap shot by Roman Horak.
16:08 of 2nd period - Shot Misses the Net.
16:10 of 2nd period - Slapshot by Chay Genoway.
16:10 of 2nd period - Stopped by Matt Hackett with a rebound.
16:12 of 2nd period - Slapshot by Blake Kessel.
16:12 of 2nd period - Stopped by Matt Hackett without a rebound.
16:13 of 2nd period - Johan Larsson wins face-off versus Jesper Fast in Rampage zone.
16:28 of 2nd period - Slapshot by Seth Griffith.
16:28 of 2nd period - Shot Blocked by Charles-Olivier Roussel.
17:22 of 2nd period - Snap shot by Ryan Potulny.
17:22 of 2nd period - Stopped by Scott Darling without a rebound.
17:23 of 2nd period - Derek Roy wins face-off versus Ryan Potulny in Ice Hogs zone.
18:11 of 2nd period - Minor Penalty to Dan DaSilva for Hooking.
18:12 of 2nd period - Travis Morin wins face-off versus Matt D'Agostini in Ice Hogs zone.
18:54 of 2nd period - Off-side.
18:55 of 2nd period - Travis Morin wins face-off versus Jesper Fast in neutral zone.
19:48 of 2nd period - Ryan Potulny is hit by Roman Horak and loses puck.
Goals for this period are 0 for Rampage vs 0 for Ice Hogs.
Shots for this period are 3 for Rampage vs 7 for Ice Hogs.

3rd period


0:01 of 3rd period - Johan Larsson wins face-off versus Matt D'Agostini in neutral zone.
0:11 of 3rd period - Penalty to Dan DaSilva is over, Dan DaSilva is back on ice.
0:12 of 3rd period - Slapshot by Seth Griffith.
0:12 of 3rd period - Stopped by Matt Hackett with a rebound.
0:14 of 3rd period - Snap shot by Travis Morin.
0:14 of 3rd period - Shot Blocked by Keith Aulie.
0:16 of 3rd period - Slapshot by Mathieu Brodeur.
0:16 of 3rd period - Shot Misses the Net.
0:18 of 3rd period - Slapshot by Jason Garrison.
0:18 of 3rd period - Stopped by Matt Hackett with a rebound.
0:20 of 3rd period - Slapshot by Seth Griffith.
0:20 of 3rd period - Stopped by Matt Hackett with a rebound.
0:22 of 3rd period - Snap shot by Dan DaSilva.
0:22 of 3rd period - Stopped by Matt Hackett with a rebound.
0:24 of 3rd period - Snap shot by Seth Griffith.
0:24 of 3rd period - Shot Misses the Net.
1:04 of 3rd period - Jesper Fast is hit by J.T. Miller and loses puck.
1:16 of 3rd period - Slapshot by Mikael Samuelsson.
1:16 of 3rd period - Deflect By Matt Puempel.
1:16 of 3rd period - Shot Blocked by Brandon Gormley.
1:16 of 3rd period - Puck is out of play.
1:17 of 3rd period - Derek Roy wins face-off versus Jesper Fast in Ice Hogs zone.
2:36 of 3rd period - Wrist shot by Johan Sundstrom.
2:36 of 3rd period - Shot Blocked by J.T. Miller.
2:38 of 3rd period - Slapshot by Johan Sundstrom.
2:38 of 3rd period - Stopped by Scott Darling with a rebound.
2:40 of 3rd period - Snap shot by Danny Kristo.
2:40 of 3rd period - Shot Blocked by J.T. Miller.
2:42 of 3rd period - Snap shot by Johan Sundstrom.
2:42 of 3rd period - Shot Blocked by Brandon Pirri.
2:44 of 3rd period - Slapshot by Jesper Fast.
2:44 of 3rd period - Shot Misses the Net.
2:46 of 3rd period - Wrist shot by Johan Sundstrom.
2:46 of 3rd period - Shot Misses the Net.
2:48 of 3rd period - Wrist shot by Johan Sundstrom.
2:48 of 3rd period - Deflect By Danny Kristo.
2:48 of 3rd period - Shot Misses the Net.
2:48 of 3rd period - Puck is out of play.
2:49 of 3rd period - Matt D'Agostini wins face-off versus Roman Horak in Ice Hogs zone.
3:14 of 3rd period - Mathieu Brodeur is hit by Matt D'Agostini.
3:21 of 3rd period - Off-side.
3:22 of 3rd period - Travis Morin wins face-off versus Jesper Fast in neutral zone.
3:27 of 3rd period - Slapshot by Michael Bournival.
3:27 of 3rd period - Stopped by Matt Hackett with a rebound.
3:29 of 3rd period - Snap shot by Travis Morin.
3:29 of 3rd period - Stopped by Matt Hackett with a rebound.
3:31 of 3rd period - Wrist shot by Michael Bournival.
3:31 of 3rd period - Shot Blocked by Mikael Samuelsson.
3:46 of 3rd period - Minor Penalty to Matt Puempel for Hooking.
3:47 of 3rd period - Brandon Pirri wins face-off versus Matt D'Agostini in Rampage zone.
4:24 of 3rd period - Slapshot by Tanner Pearson.
4:24 of 3rd period - Goal by Tanner Pearson - Rampage : 0 - Ice Hogs : 3.
4:25 of 3rd period - Johan Larsson wins face-off versus Mikael Samuelsson in neutral zone.
5:13 of 3rd period - Zach Redmond is hit by Keith Aulie and loses puck.
5:44 of 3rd period - Snap shot by Derek Roy.
5:44 of 3rd period - Shot Misses the Net.
6:04 of 3rd period - Icing by Martin Frk.
6:05 of 3rd period - Ryan Potulny wins face-off versus Brandon Pirri in Rampage zone.
6:22 of 3rd period - Snap shot by Tanner Pearson.
6:22 of 3rd period - Shot Misses the Net.
6:24 of 3rd period - Slapshot by Jason Garrison.
6:24 of 3rd period - Shot Blocked by Will O'Neill.
6:26 of 3rd period - Backhand shot by Mathieu Brodeur.
6:26 of 3rd period - Deflect By J.T. Miller.
6:26 of 3rd period - Stopped by Matt Hackett with a rebound.
6:28 of 3rd period - Wrist shot by Tanner Pearson.
6:28 of 3rd period - Shot Misses the Net.
7:45 of 3rd period - Jesper Fast is hit by Seth Griffith and loses puck.
7:51 of 3rd period - Minor Penalty to Andrey Pedan for Hooking.
7:52 of 3rd period - Brandon Pirri wins face-off versus Matt D'Agostini in Rampage zone.
8:45 of 3rd period - Charles-Olivier Roussel is hit by Casey Wellman and loses puck.
8:56 of 3rd period - Travis Morin is hit by Eric Boulton and loses puck.
9:03 of 3rd period - Will O'Neill is hit by Mathieu Brodeur and loses puck.
9:21 of 3rd period - Off-side.
9:22 of 3rd period - Eric Boulton wins face-off versus Brandon Pirri in neutral zone.
9:44 of 3rd period - Off-side.
9:45 of 3rd period - Casey Wellman wins face-off versus Eric Boulton in neutral zone.
9:51 of 3rd period - Penalty to Andrey Pedan is over, Andrey Pedan is back on ice.
10:08 of 3rd period - Wrist shot by Eric Boulton.
10:08 of 3rd period - Shot Misses the Net.
10:27 of 3rd period - Zach Redmond is hit by Adam Almquist and loses puck.
10:46 of 3rd period - Snap shot by Roman Horak.
10:46 of 3rd period - Shot Misses the Net.
11:29 of 3rd period - Mathieu Brodeur and Eric Boulton fight to a draw.
11:29 of 3rd period - Penalty to Mathieu Brodeur for Fighting.
11:29 of 3rd period - Penalty to Eric Boulton for Fighting.
11:30 of 3rd period - Johan Sundstrom wins face-off versus Travis Morin in neutral zone.
11:59 of 3rd period - Snap shot by Danny Kristo.
11:59 of 3rd period - Shot Misses the Net.
12:27 of 3rd period - Snap shot by Jordan Nolan.
12:27 of 3rd period - Stopped by Scott Darling without a rebound.
12:28 of 3rd period - Matt D'Agostini wins face-off versus Johan Larsson in Ice Hogs zone.
12:31 of 3rd period - Slapshot by Jordan Nolan.
12:31 of 3rd period - Stopped by Scott Darling with a rebound.
12:41 of 3rd period - Wrist shot by Matt D'Agostini.
12:41 of 3rd period - Deflect By Danny Kristo.
12:41 of 3rd period - Shot Misses the Net.
12:41 of 3rd period - Puck is out of play.
12:42 of 3rd period - Jesper Fast wins face-off versus Brandon Pirri in Ice Hogs zone.
12:56 of 3rd period - Off-side.
12:57 of 3rd period - Jesper Fast wins face-off versus Brandon Pirri in neutral zone.
13:16 of 3rd period - Snap shot by Jesper Fast.
13:16 of 3rd period - Shot Misses the Net.
13:27 of 3rd period - Icing by Keith Aulie.
13:28 of 3rd period - Derek Roy wins face-off versus Jesper Fast in Rampage zone.
13:37 of 3rd period - Snap shot by Derek Roy.
13:37 of 3rd period - Stopped by Matt Hackett with a rebound.
13:39 of 3rd period - Slapshot by Jason Garrison.
13:39 of 3rd period - Shot Misses the Net.
13:47 of 3rd period - Wrist shot by Casey Wellman.
13:47 of 3rd period - Goal by Casey Wellman - Rampage : 0 - Ice Hogs : 4.
13:48 of 3rd period - Johan Larsson wins face-off versus Matt D'Agostini in neutral zone.
13:57 of 3rd period - Snap shot by Johan Larsson.
13:57 of 3rd period - Stopped by Matt Hackett with a rebound.
13:59 of 3rd period - Slapshot by Zach Redmond.
13:59 of 3rd period - Shot Misses the Net.
14:01 of 3rd period - Slapshot by Zach Redmond.
14:01 of 3rd period - Shot Misses the Net.
14:25 of 3rd period - Snap shot by Johan Larsson.
14:25 of 3rd period - Stopped by Matt Hackett without a rebound.
14:26 of 3rd period - Brandon Pirri wins face-off versus Ryan Potulny in Rampage zone.
14:43 of 3rd period - Jason Garrison is hit by Danny Kristo and loses puck.
15:02 of 3rd period - Snap shot by Brandon Pirri.
15:02 of 3rd period - Shot Misses the Net.
15:08 of 3rd period - Minor Penalty to Martin Frk for Holding.
15:09 of 3rd period - Matt D'Agostini wins face-off versus Travis Morin in Rampage zone.
15:44 of 3rd period - Snap shot by Casey Wellman.
15:44 of 3rd period - Shot Misses the Net.
16:12 of 3rd period - Snap shot by J.T. Miller.
16:12 of 3rd period - Deflect By Brandon Pirri.
16:12 of 3rd period - Shot Misses the Net.
16:12 of 3rd period - Puck is out of play.
16:13 of 3rd period - Travis Morin wins face-off versus Matt D'Agostini in Rampage zone.
16:16 of 3rd period - Backhand shot by Casey Wellman.
16:16 of 3rd period - Shot Misses the Net.
16:18 of 3rd period - Slapshot by Jason Garrison.
16:18 of 3rd period - Shot Blocked by Adam Almquist.
16:20 of 3rd period - Slapshot by Casey Wellman.
16:20 of 3rd period - Stopped by Matt Hackett with a rebound.
16:22 of 3rd period - Snap shot by Casey Wellman.
16:22 of 3rd period - Ice Hogs goal is going for a video replay.
16:22 of 3rd period - The goal is good.
16:22 of 3rd period - Goal by Casey Wellman - Rampage : 0 - Ice Hogs : 5.
16:23 of 3rd period - Jesper Fast wins face-off versus Brandon Pirri in neutral zone.
16:29 of 3rd period - Icing by Jason Garrison.
16:30 of 3rd period - Brandon Pirri wins face-off versus Jesper Fast in Ice Hogs zone.
16:30 of 3rd period - Brandon Pirri is hit by Matt Puempel.
18:45 of 3rd period - Icing by Matt D'Agostini.
18:46 of 3rd period - Travis Morin wins face-off versus Matt D'Agostini in Rampage zone.
18:47 of 3rd period - Snap shot by Michael Bournival.
18:47 of 3rd period - Shot Misses the Net.
18:55 of 3rd period - Jason Garrison is hit by Danny Kristo and loses puck.
19:10 of 3rd period - Wrist shot by Johan Sundstrom.
19:10 of 3rd period - Stopped by Scott Darling with a rebound.
19:12 of 3rd period - Wrist shot by Danny Kristo.
19:12 of 3rd period - Shot Blocked by Jason Garrison.
19:14 of 3rd period - Snap shot by Adam Almquist.
19:14 of 3rd period - Shot Misses the Net.
19:16 of 3rd period - Wrist shot by Johan Sundstrom.
19:16 of 3rd period - Stopped by Scott Darling with a rebound.
19:18 of 3rd period - Slapshot by Keith Aulie.
19:18 of 3rd period - Shot Misses the Net.
19:20 of 3rd period - Slapshot by Adam Almquist.
19:20 of 3rd period - Stopped by Scott Darling with a rebound.
19:22 of 3rd period - Snap shot by Johan Sundstrom.
19:22 of 3rd period - Deflect By Jesper Fast.
19:22 of 3rd period - Stopped by Scott Darling with a rebound.
19:40 of 3rd period - Backhand shot by Eric Boulton.
19:40 of 3rd period - Goal by Eric Boulton - Rampage : 1 - Ice Hogs : 5.
19:41 of 3rd period - Brandon Pirri wins face-off versus Jesper Fast in neutral zone.
19:50 of 3rd period - Snap shot by J.T. Miller.
19:50 of 3rd period - Stopped by Matt Hackett with a rebound.
Goals for this period are 1 for Rampage vs 3 for Ice Hogs.
Shots for this period are 8 for Rampage vs 15 for Ice Hogs.


Output by the SimonT Hockey Simulator (STHS) for Eric Dolegowski -- Original Page W3C XHTML 1.0 Valid
Hockey Simulator - Hockey Simulation - Hockey Manager